 Dungeon Crawl Stone Soup version 0.28-a0-503-g83f2989fac (webtiles) character file.

Game seed: 16020646066182613915

9800 heikuro the Cleaver (level 11, -6/150 HPs)
             Began as a Minotaur Berserker on Sept 21, 2021.
             Was a High Priest of Trog.
             Mangled by an orc knight (22 damage)
             ... on level 10 of the Dungeon.
             The game lasted 00:17:09 (11810 turns).

heikuro the Cleaver (Minotaur Berserker)           Turns: 11810, Time: 00:17:10

Health: -6/150     AC: 12    Str: 24    XL:     11   Next: 27%
Magic:  19/19      EV: 13    Int:  4    God:    Trog [*****.]
Gold:   502        SH:  0    Dex:  8    Spells: 10/10 levels left

rFire   . . .      SeeInvis +   a - +10 flail "Sopasi Ythi" {vorpal, Fly rElec rCorr}
rCold   . . .      Faith    .   (no shield)
rNeg    . . .      Spirit   .   V - +1 ring mail "Qetezaz" {SInv}
rPois   +          Reflect  .   (helmet restricted)
rElec   +          Harm     .   S - +0 cloak
rCorr   +          Rampage  .   u - +0 pair of gloves
Will    +++..                   x - +0 pair of boots
Stlth   ..........              (no amulet)
HPRegen 0.35/turn               t - ring "Xiutsyrr" {Fly rElec rPois Will+++ Dex-3}
MPRegen 0.16/turn               m - ring of magical power

@: berserking, flying, very quick
A: horns 2, retaliatory headbutt
a: Renounce Religion, Berserk, Trog's Hand, Brothers in Arms


You were on level 10 of the Dungeon.
You worshipped Trog.
Trog was extremely pleased with you.
You visited 2 branches of the dungeon, and saw 11 of its levels.
You also visited: Sewer.

You collected 502 gold pieces.

Inventory:

Hand Weapons
 a - the +10 flail "Sopasi Ythi" (weapon) {vorpal, Fly rElec rCorr}
   (You found it on level 7 of the Dungeon)

   It inflicts extra damage upon your enemies.
   rElec:     It insulates you from electricity.
   Fly:       It grants you flight.
   rCorr:     It protects you from acid and corrosion.
 b - a +0 battleaxe
 K - a +1 dagger of venom
 Y - a +1 glaive
Missiles
 o - 4 boomerangs
 H - 3 curare-tipped darts
 L - 2 throwing nets
 Q - 50 poisoned darts (quivered)
Armour
 u - a +0 pair of gloves (worn)
 w - a +1 plate armour
 x - a +0 pair of boots (worn)
 M - a +2 ring mail of poison resistance
 P - +0 acid dragon scales
 S - a +0 cloak (worn)
 V - the +1 ring mail "Qetezaz" (worn) {SInv}
   (You found it on level 9 of the Dungeon)

   SInv:      It lets you see invisible.
Jewellery
 i - a ring of ice
 m - a ring of magical power (right hand)
 t - the ring "Xiutsyrr" (left hand) {Fly rElec rPois Will+++ Dex-3}
   (You found it on level 4 of the Dungeon)

   [ring of flight]

   Dex:       It affects your dexterity (-3).
   rElec:     It insulates you from electricity.
   rPois:     It protects you from poison.
   Fly:       It grants you flight.
   Will:      It greatly increases your willpower.
 G - a ring of flight
 I - a ring of poison resistance
 O - a ring of ice
 W - an amulet of magic regeneration
 X - a ring of see invisible
 Z - a +4 ring of evasion
Wands
 p - a wand of flame (44)
 N - a wand of iceblast (15)
Scrolls
 d - 8 scrolls of identify {unknown}
 e - 5 scrolls of teleportation
 f - 2 scrolls of noise {unknown}
 h - a scroll of amnesia {unknown}
 l - 4 scrolls of enchant armour
 q - 2 scrolls of silence {unknown}
 s - a scroll of brand weapon {unknown}
 y - 2 scrolls of magic mapping {unknown}
 F - a scroll of summoning {unknown}
 R - 2 scrolls of immolation {unknown}
 T - a scroll of acquirement {unknown}
 U - 2 scrolls of holy word {unknown}
Potions
 c - 2 potions of brilliance {unknown}
 g - 2 potions of ambrosia {unknown}
 j - 4 potions of curing {unknown}
 k - 2 potions of mutation {unknown}
 n - 4 potions of heal wounds {unknown}
 r - 2 potions of lignification {unknown}
 v - 4 potions of flight {unknown}
 z - 3 potions of cancellation {unknown}
 A - 3 potions of might {unknown}
 B - a potion of magic {unknown}
 C - 2 potions of invisibility {unknown}
 D - 2 potions of haste {unknown}
 E - 2 potions of attraction {unknown}
 J - 2 potions of berserk rage {unknown}


   Skills:
 + Level 10.2 Fighting
 * Level 13.4 Axes
 + Level 9.8 Armour
 + Level 9.0 Dodging


You had 10 spell levels left.
You didn't know any spells.
Your spell library was empty.

Dungeon Overview and Level Annotations

Branches:
Dungeon (10/15)            Temple (1/1) D:4            Lair (0/6) D:9
  Sewer (visited)
    Orc: D:9-12

Altars:
Ashenzari
Cheibriados
Dithmenos
Elyvilon
Fedhas
Gozag
Hepliaklqana
Kikubaaqudgha
Makhleb
Nemelex Xobeh
Okawaru
Qazlal
Ru
Sif Muna
Trog
Uskayaw
Vehumet
Wu Jian
Xom
Yredelemnul
Zin
The Shining One

Shops:
D:1 ?   D:6 [

Annotations:
D:10 3 runed translucent doors


Innate Abilities, Weirdness & Mutations

You have a pair of horns on your head.
You reflexively headbutt those who attack you in melee.


Message History

There is an open door, spattered with blood here.
A red film seems to cover your vision as you go berserk!
You feel yourself moving faster!
You feel mighty! The orc knight barely misses you.
You sock the cyclops!
The cyclops is moderately wounded.
The orc knight completely misses you. The cyclops closely misses you.
You furiously retaliate!
You headbutt the cyclops! You bludgeon the cyclops!!
You feel the power of Trog in you as your rage grows.
You kill the cyclops!
Trog accepts your kill.
The orc knight hits you from afar with a +0 glaive!!
You are too injured to fight recklessly!
You are too injured to fight recklessly!
You are too injured to fight recklessly!
You are too injured to fight recklessly!
You are too injured to fight recklessly!
You thump the four-headed hydra! You headbutt the four-headed hydra!
The four-headed hydra is moderately wounded.
You completely miss the four-headed hydra.
You headbutt the four-headed hydra!
The four-headed hydra is heavily wounded.
The four-headed hydra bites you. The four-headed hydra bites you!
* * * LOW HITPOINT WARNING * * *
The four-headed hydra bites you!
* * * LOW HITPOINT WARNING * * *
The four-headed hydra bites you.
* * * LOW HITPOINT WARNING * * *
The orc knight hits you from afar with a +0 glaive.
* * * LOW HITPOINT WARNING * * *
Unknown command.
You bludgeon the four-headed hydra!!
The four-headed hydra is almost dead.
The four-headed hydra bites you!
* * * LOW HITPOINT WARNING * * *
The four-headed hydra bites you but does no damage. x2
The four-headed hydra closely misses you.
The orc knight hits you from afar with a +0 glaive!!
You die...

. #.###.#..#..##
#.....#..#..#
###+###..#..## .#
#....... # .# #..#..##
+. ##+ +....... #.##o.#
#..#..#[ #..#DH#
#.[).... .#
##@#####+###.....## .#
#...##.....#..#..## .#
#.###.#..#..#..#.... .+
+. #.'.....+....... .#
#.###.#.#.#.#....... .#
#.#.##.....#.......
.###+###
#+#####'#####+###..#..##
........
...................#..#
.....<..
......................#


You could see a four-headed hydra, an orc knight and a manticore.

Vanquished Creatures
  Harold (D:7)
  A two-headed ogre (D:9)
  Sonja (D:10)
  An ugly thing (D:7)
  A cyclops (D:10)
  Maurice (D:7)
  Grinder (D:3)
  A troll (D:9)
  A vampire (D:9)
  A shadow (D:10)
  4 yaks (D:10)
  Eustachio (D:3)
  A wyvern (D:9)
  2 steam dragons
  3 wargs (D:9)
  2 acid dragons
  A water moccasin (D:8)
  A black bear (D:5)
  4 ice beasts
  4 orc warriors
  2 sky beasts (D:5)
  A centaur (D:9)
  4 kobold brigands
  A wyvern zombie (D:7)
  2 bullfrogs (D:8)
  A gnoll sergeant (D:10)
  10 wights (D:9)
  11 killer bees
  An electric eel (D:10)
  3 howler monkeys
  A bullfrog zombie (D:6)
  4 centaur zombies
  2 jellies
  4 centaur skeletons
  7 orc priests
  A bullfrog skeleton (D:7)
  Jessica (D:3)
  An iguana (D:5)
  16 orc wizards
  A killer bee zombie (D:9)
  Robin (D:4)
  2 howler monkey skeletons
  4 adders
  4 gnolls (D:10)
  4 white imps
  A worm (D:4)
  A dart slug (D:10)
  38 orcs
  10 endoplasms
  7 giant cockroaches
  13 goblins
  8 hobgoblins
  3 jackals (D:2)
  29 kobolds
  7 quokkas
  10 ball pythons
  8 bats
  3 frilled lizards
  A quokka skeleton (D:4)
  6 rats
267 creatures vanquished.

Vanquished Creatures (others)
  4 plants (Sewer)
4 creatures vanquished.

Grand Total: 271 creatures vanquished

Notes
Turn   | Place    | Note
-------+----------+-------------------------------------------
     0 | D:1      | heikuro the Minotaur Berserker began the quest for the Orb.
     0 | D:1      | Reached XP level 1. HP: 19/19 MP: 0/0
   312 | D:1      | Found a faded altar of an unknown god.
   368 | D:1      | Found Neumer's Magic Scroll Shoppe.
   396 | D:1      | Reached XP level 2. HP: 15/27 MP: 1/1
   548 | D:1      | Reached skill level 4 in Axes
  1242 | D:2      | Reached XP level 3. HP: 33/33 MP: 2/2
  1454 | D:2      | Found an opulent altar of Gozag.
  1658 | D:2      | Reached ** piety under Trog
  2194 | D:3      | Reached XP level 4. HP: 29/40 MP: 3/3
  2355 | D:3      | Noticed Grinder
  2355 | D:3      | Noticed Jessica
  2372 | D:3      | Killed Grinder
  2373 | D:3      | Reached skill level 5 in Axes
  2373 | D:3      | Reached XP level 5. HP: 36/47 MP: 4/4
  2373 | D:3      | Reached XP level 6. HP: 42/55 MP: 5/5
  2397 | D:3      | Killed Jessica
  2764 | D:3      | Noticed an ice beast
  2769 | D:3      | Killed an ice beast
  2770 | D:3      | Reached skill level 5 in Fighting
  2770 | D:3      | Reached skill level 6 in Axes
  2828 | D:3      | Found a glowing silver altar of Zin.
  2933 | D:3      | Found an ornate altar of the Wu Jian Council.
  3124 | D:3      | Found a sacrificial altar of Ru.
  3273 | D:4      | Noticed Eustachio
  3274 | D:4      | Noticed Robin
  3310 | D:3      | Killed Eustachio
  3311 | D:3      | Reached XP level 7. HP: 53/61 MP: 6/6
  3559 | D:4      | Killed Robin
  3767 | D:4      | Found a staircase to the Ecumenical Temple.
  3776 | Temple   | Entered the Ecumenical Temple
  3910 | D:4      | Identified the ring "Xiutsyrr" {Fly rElec rPois Will+++
                  | Dex-3}
  4002 | D:4      | Found a white marble altar of Elyvilon.
  4014 | D:4      | Reached *** piety under Trog
  4029 | D:4      | Reached skill level 7 in Axes
  4029 | D:4      | Reached skill level 5 in Armour
  4358 | D:5      | Entered Level 5 of the Dungeon
  4439 | D:5      | Reached XP level 8. HP: 51/70 MP: 7/7
  4577 | D:5      | Found a glowing drain.
  4596 | Sewer    | Entered a sewer
  4729 | Sewer    | Reached skill level 8 in Axes
  4729 | Sewer    | Reached skill level 5 in Dodging
  4905 | Sewer    | Reached **** piety under Trog
  5842 | D:5      | Found a radiant altar of Vehumet.
  5845 | D:5      | Found a glowing golden altar of the Shining One.
  5845 | D:5      | Found a sacrificial altar of Ru.
  5847 | D:5      | Found a shimmering altar of Xom.
  5847 | D:5      | Found a shimmering altar of Xom.
  5847 | D:5      | Found a stormy altar of Qazlal.
  6150 | D:6      | Found Jayddue's Armour Emporium.
  6394 | D:6      | Reached skill level 9 in Axes
  6762 | D:6      | Found an opulent altar of Gozag.
  6830 | D:6      | Reached XP level 9. HP: 79/79 MP: 8/8
  7161 | D:7      | Noticed Harold
  7187 | D:7      | Killed Harold
  7188 | D:7      | Reached skill level 10 in Axes
  7387 | D:7      | Identified the +10 flail "Sopasi Ythi" {vorpal, Fly rElec
                  | rCorr}
  7669 | D:7      | Noticed a cyan ugly thing
  7679 | D:7      | Killed a cyan ugly thing
  7680 | D:7      | Reached skill level 11 in Axes
  8085 | D:8      | Reached XP level 10. HP: 85/90 MP: 9/9
  8156 | D:8      | Reached ***** piety under Trog
  8590 | D:8      | Found a stormy altar of Qazlal.
  8633 | D:8      | Noticed Maurice
  8644 | D:7      | Killed Maurice
  8861 | D:8      | Found a sparkling altar of Nemelex Xobeh.
  9392 | D:9      | Noticed a two-headed ogre
  9414 | D:9      | Killed a two-headed ogre
  9415 | D:9      | Reached skill level 12 in Axes
  9473 | D:9      | Found a shadowy altar of Dithmenos.
  9633 | D:9      | Found a staircase to the Lair.
 10385 | D:9      | Identified the +1 ring mail "Qetezaz" {SInv}
 10723 | D:10     | Entered Level 10 of the Dungeon
 10788 | D:10     | Found a runed translucent gate.
 10789 | D:10     | Found a runed translucent gate.
 10789 | D:10     | Found a runed translucent gate.
 11024 | D:10     | Found the +10 Black Knight's barding {ponderous, rPois rN+}
 11116 | D:10     | Found a snail-covered altar of Cheibriados.
 11120 | D:10     | Noticed Sonja
 11137 | D:10     | Killed Sonja
 11138 | D:10     | Reached skill level 13 in Axes
 11138 | D:10     | Reached XP level 11. HP: 41/99 MP: 10/10
 11660 | D:10     | Reached skill level 10 in Fighting
 11664 | D:10     | Received a gift from Trog
 11803 | D:10     | Noticed an orc knight
 11803 | D:10     | Noticed a four-headed hydra
 11810 | D:10     | Mangled by an orc knight

Illustrated notes

Levels and vault maps discovered:
D:1:      dpeg_arrival_long_road, layout_basic, serial_shops, shop_scrolls,
          ebering_ecumenical_altar_ruins, minmay_pentomino_o2
D:2:      layout_loops_ring, basic_altar, wad_floor_pattern_2
D:3:      layout_basic, nicolae_wu_jian_wuxing_cycle,
          mainiacjoe_overflow_concentric_impassable,
          mainiacjoe_overflow_alcove_2, uniq_jessica, uniq_grinder
D:4:      layout_rooms, mainiacjoe_overflow_small_starburst,
          minmay_temple_entry_antechambers, uniq_eustachio, uniq_robin
D:5:      layout_loops_corners, doesnt_xom_only_xom, gup_sewer_entry_pipe,
          kennysheep_decorative_pillar, kennysheep_generic_room_10
D:6:      layout_basic, mainiacjoe_overflow_boulevard, serial_shops,
          nicolae_stop_n_shop_2
D:7:      layout_cave_pools, kennysheep_generic_room_6, uniq_harold
D:8:      layout_cave_pods, grunt_qazlal_sundering,
          mainiacjoe_overflow_brackets, uniq_maurice
D:9:      layout_small_grid, mainiacjoe_overflow_alcove_1,
          erik_lair_orcish_takeover, small_chamber_with_monster, st_stairs_7
D:10:     minmay_the_grid_square_5x5_4x4 [minmay_the_grid_square_5x5_shrine1,
          minmay_the_grid_square_5x5_n_small,
          minmay_the_grid_square_5x5_misaligned,
          minmay_the_grid_square_5x5_tri_point,
          minmay_the_grid_square_5x5_seven,
          minmay_the_grid_square_5x5_prize_monsterx,
          minmay_the_grid_square_5x5_prize_itemx,
          minmay_the_grid_square_5x5_spiral,
          minmay_the_grid_square_5x5_three_small,
          minmay_the_grid_square_5x5_prize_rear_guard,
          minmay_the_grid_square_5x5_prize_open,
          minmay_the_grid_square_5x5_gyroscope,
          minmay_the_grid_square_5x5_three_walls, minmay_the_grid_square_5x5_c,
          minmay_the_grid_square_5x5_meh, minmay_the_grid_square_5x5_two],
          layout_basic, kennysheep_slug_shrine, gammafunk_ghost_necromancy,
          chequers_avenue, uniq_nergalle, uniq_josephine, uniq_sonja,
          uniq_fannar, uniq_snorg
Temple:   nicolae_temple_x_marks_the_god

Skill      XL: |  1  2  3  4  5  6  7  8  9 10 11 |
---------------+----------------------------------+-----
Axes           | 4 5 6 7 9 11 13 | 13.4
Fighting       | 4 5 6 7 8 9 10 | 10.2
Armour         | 3 4 5 6 8 9 |  9.8
Dodging        | 3 4 6 7 8 9 |  9.0

Action                   |  1- 3 |  4- 6 |  7- 9 | 10-12 || total
-------------------------+-------+-------+-------+-------++-------
Melee: Hand axe          |   102 |    51 |   274 |       ||   427
       Headbutt          |    12 |     9 |    58 |    26 ||   105
       Flail             |       |       |    30 |   187 ||   217
       Dagger            |       |       |       |    34 ||    34
Invok: Berserk           |     1 |     3 |    13 |     7 ||    24
Evoke: Wand              |       |       |       |     1 ||     1
  Use: Scroll            |       |       |     2 |       ||     2
Armor: Animal skin       |     4 |       |       |       ||     4
       Ring mail         |    31 |     9 |    15 |    42 ||    97
       Scale mail        |       |     5 |    12 |       ||    17
       Plate armour      |       |       |   107 |   133 ||   240
       Skin              |       |       |     4 |       ||     4
Dodge: Dodged            |    59 |    31 |   112 |   152 ||   354

Table legend: (Time is in decaauts)
 A = Elapsed time spent in this place.
 B = Non-inter-level travel time spent in this place.
 C = Inter-level travel time spent in this place.
 D = Time resting spent in this place.
 E = Time spent auto-exploring this place.
 F = Levels seen in this place.
 G = Mean time per level.
                   A        B        C        D        E       F      G
               +--------+--------+--------+--------+--------+-----+--------+
         Total |  12001 |  11684 |    317 |   3055 |   6095 |  12 | 1000.1 |
       Dungeon |  11468 |  11158 |    310 |   2998 |   5970 |  10 | 1146.8 |
        Temple |     58 |     51 |      7 |      0 |     46 |   1 |   58.0 |
         Sewer |    474 |    474 |      0 |     57 |     79 |   1 |  474.0 |
               +--------+--------+--------+--------+--------+-----+--------+

Top non-repeatable levels by time:
     D:9: 1804 daAuts
     D:5: 1411 daAuts
     D:1: 1286 daAuts
     D:3: 1191 daAuts
     D:2: 1174 daAuts
     D:8: 1162 daAuts
     D:7: 957 daAuts
    D:10: 911 daAuts
     D:6: 867 daAuts
     D:4: 702 daAuts
   Sewer: 474 daAuts
  Temple: 58 daAuts
